 Dungeon Crawl Stone Soup version 0.28.0-53-g5a82cb258f (webtiles) character file.

Game seed: 10587605144067683275

329 acdeimund the Chiller (level 6, 0/46 HPs)
             Began as a Merfolk Ice Elementalist on July 29, 2022.
             Succumbed to an adder's poison
             ... on level 4 of the Dungeon.
             The game lasted 00:17:01 (4656 turns).

acdeimund the Chiller (Merfolk Ice Elementalist)    Turns: 4656, Time: 00:17:02

Health: 0/46       AC:  3    Str:  8    XL:     6   Next: 51%
Magic:  8/10       EV: 14    Int: 15    God:
Gold:   89         SH:  0    Dex: 16    Spells: 2/11 levels left

rFire   . . .      SeeInvis .   g - +0 dagger
rCold   . . .      Faith    .   (no shield)
rNeg    . . .      Spirit   .   a - +1 robe
rPois   .          Reflect  .   (no helmet)
rElec   .          Harm     .   (no cloak)
rCorr   .          Rampage  .   (no gloves)
Will    .....                   (no boots)
Stlth   +++.......              (no amulet)
HPRegen 0.15/turn               (no ring)
MPRegen 0.12/turn               (no ring)

@: lethally poisoned (0 -> -7)
A: (nimble swimmer 2), mertail
a: no special abilities


You were on level 4 of the Dungeon.
You visited 1 branch of the dungeon, and saw 4 of its levels.

You collected 173 gold pieces.
You spent 84 gold pieces at shops.

Inventory:

Hand Weapons
 g - a +0 dagger (weapon)
 k - a +0 spear
 l - a +0 halberd
 m - a +0 spear
Missiles
 b - 130 stones
 e - 2 javelins
Armour
 a - a +1 robe (worn)
Jewellery
 h - a ring of flight
 i - a ring of resist corrosion
 q - a +4 ring of evasion
 t - an amulet of regeneration
Scrolls
 d - 2 scrolls of noise {unknown}
 j - 2 scrolls of teleportation
 n - 2 scrolls of immolation
 o - a scroll of enchant armour
 p - a scroll of magic mapping
 s - 2 scrolls of identify
 u - a scroll of torment {unknown}
Potions
 c - 2 potions of brilliance
 f - 2 potions of mutation
 r - a potion of flight {unknown}
 v - a potion of lignification {unknown}


   Skills:
 + Level 2.7 Fighting
 + Level 4.5 Dodging
 + Level 4.0 Stealth
 + Level 3.2 Spellcasting
 + Level 5.4 Ice Magic


You had 2 spell levels left.
You knew the following spells:

 Your Spells              Type           Power      Damage    Failure   Level
a - Freeze                Ice            72%        1d9       1%          1
b - Frozen Ramparts       Ice            36%        1d5       6%          3
c - Ozocubu's Armour      Ice            18%        N/A       6%          3
d - Ensorcelled Hibernat  Hex/Ice        20%        N/A       10%         2

Your spell library contained the following spells:

 Spells                   Type           Power      Damage    Failure   Level
 Apportation              Tloc           4%         N/A       21%         1
 Ignite Poison            Fire/Tmut/Pois 2%         N/A       52%         3
 Mephitic Cloud           Conj/Pois/Air  2%         N/A       52%         3
 Spider Form              Tmut/Pois      2%         N/A       52%         3
 Hailstorm                Conj/Ice       10%        3d5       54%         4
 Anguish                  Hex/Necr       1%         N/A       89%         4
 Freezing Cloud           Conj/Ice/Air   3%         6-21      95%         5
 Alistair's Intoxication  Tmut/Pois      1%         N/A       99%         5


Dungeon Overview and Level Annotations

Branches:
Dungeon (4/15)
 Temple: D:4-7

Altars:
Elyvilon
Makhleb

Shops:
D:2 (?*[


Innate Abilities, Weirdness & Mutations

((You are very nimble when in or above water. (Stealth+, EV+, Speed+++)))
Your lower body shifts to a powerful aquatic tail in water.


Message History

You are more poisoned.
The adder poisons you!
The adder bites the bush but does no damage.
The water moccasin skeleton bites the bush but does no damage.
Aiming: Freeze (safe; 1% risk of failure)
Press: ? - help, Q - select action, (/) - cycle Shift-Dir - straight line, f - adder
Aim: an adder (moderately wounded)
You freeze the adder.
The adder is almost dead.
You feel sick. The adder bites you.
* * * LOW HITPOINT WARNING * * *
You are lethally poisoned!
The adder poisons you!
The adder bites the bush but does no damage.
The water moccasin skeleton bites the bush.
Aiming: Freeze (safe; 1% risk of failure)
Press: ? - help, Q - select action, (/) - cycle Shift-Dir - straight line, f/p - adder
Aim: an adder (almost dead)
You freeze the adder.
You kill the adder!
* * * LOW HITPOINT WARNING * * *
You feel very sick.
The adder bites the bush but does no damage.
Your Stealth skill increases to level 4!
You barely miss the water moccasin skeleton.
The water moccasin skeleton is severely damaged.
* * * LOW HITPOINT WARNING * * *
You feel sick.
The adder bites the bush but does no damage.
The water moccasin skeleton bites you.
* * * LOW HITPOINT WARNING * * *
The adder bites the bush but does no damage.
You barely miss the water moccasin skeleton.
The water moccasin skeleton is severely damaged.
* * * LOW HITPOINT WARNING * * *
You feel sick. The water moccasin skeleton misses you.
The adder bites the bush.
You hit the water moccasin skeleton.
The water moccasin skeleton is severely damaged.
You die...

...#......##.
............###.#
...#......+
.........#### .#
.#####...## ........## .
+#...#'#.# #####........
.#
.......#####.........#
.........#.#+#..$...#
........##...###.PPPPPPP
........'......#ZP......
.......##......#@PSPPP.P
.......#.......#.P...P
###+####.......'.P.PPP
#.......#.P.P
##......#.P.P
+......#.P...
##...###.P.PPP #.#+#
..P.P ## #.P


P You could see an adder and a water moccasin skeleton.

Vanquished Creatures
  An ogre (D:4)
  A crimson imp (D:4)
  An iguana (D:3)
  5 gnolls
  6 adders
  A worm (D:3)
  A dart slug (D:2)
  2 orcs (D:3)
  11 ball pythons
  3 bats
  9 endoplasms
  2 giant cockroaches
  9 goblins
  9 hobgoblins
  3 jackals (D:1)
  2 kobolds (D:2)
  4 quokkas
  A frilled lizard (D:2)
  3 rats
74 creatures vanquished.

Vanquished Creatures (others)
  2 fungi (D:3)
2 creatures vanquished.

Grand Total: 76 creatures vanquished

Notes
Turn   | Place    | Note
-------+----------+-------------------------------------------
     0 | D:1      | acdeimund the Merfolk Ice Elementalist began the quest for
                  | the Orb.
     0 | D:1      | Reached XP level 1. HP: 13/13 MP: 3/3
   106 | D:1      | Reached XP level 2. HP: 18/20 MP: 0/5
   569 | D:1      | Reached skill level 1 in Fighting
   759 | D:1      | Reached XP level 3. HP: 26/26 MP: 4/6
   879 | D:1      | Found a faded altar of an unknown god.
  1025 | D:2      | Found Muyxt's General Store.
  1058 | D:2      | Learned a level 3 spell: Frozen Ramparts
  1178 | D:2      | Bought a scroll of teleportation for 36 gold pieces
  1185 | D:2      | Found a white marble altar of Elyvilon.
  1195 | D:2      | Identified the +1 ring mail of True Grit {Int+7}
  1334 | D:2      | Reached XP level 4. HP: 27/32 MP: 1/7
  1592 | D:2      | Found Itur Zae's Weapon Emporium.
  1806 | D:2      | Found Hetihoasm's Armour Emporium.
  2086 | D:2      | Found Yquuj's Magic Scroll Shoppe.
  2093 | D:2      | Bought a scroll of identify for 24 gold pieces
  2093 | D:2      | Bought a scroll of identify for 24 gold pieces
  2543 | D:3      | Reached skill level 5 in Ice Magic
  2543 | D:3      | Reached XP level 5. HP: 34/38 MP: 6/9
  2547 | D:3      | Learned a level 3 spell: Ozocubu's Armour
  2770 | D:3      | Noticed a necrophage
  3380 | D:3      | Found a burning altar of Makhleb.
  3812 | D:4      | Noticed an ogre
  3827 | D:4      | Killed an ogre
  3828 | D:4      | Reached XP level 6. HP: 5/46 MP: 0/10
  4492 | D:4      | Learned a level 2 spell: Ensorcelled Hibernation
  4655 | D:4      | HP: 1/46 [poisoned by an adder]
  4656 | D:4      | Succumbed to an adder's poison

Illustrated notes

Levels and vault maps discovered:
D:1:      minmay_arrival_shattered_statue, layout_loops_cross,
          chequers_ecumenical_altar_grove
D:2:      minmay_general_purpose_star, layout_basic, serial_shops,
          nicolae_shop_waterfront, shop, shop,
          nicolae_shop_bloodbath_and_beyond, basic_altar, minmay_close_crescents
D:3:      minmay_bubble_buster, layout_basic, mainiacjoe_overflow_boulevard
D:4:      nicolae_cairo_tiling_very_big, layout_layer_cave,
          kennysheep_nondescript, minmay_hedge_maze, minmay_fire_ice_demons

Skill      XL: |  1  2  3  4  5  6 |
---------------+-------------------+-----
Dodging        | 3 4 |  4.5
Fighting       | 1 2 |  2.7
Stealth        | 3 4 |  4.0
Ice Magic      | 5 |  5.4
Spellcasting   | 3 |  3.2

Action                   |  1- 3 |  4- 6 || total
-------------------------+-------+-------++-------
Melee: Dagger            |     9 |    76 ||    85
       Tailslap          |       |     1 ||     1
 Cast: Freeze            |    42 |    70 ||   112
       Frozen Ramparts   |     1 |     2 ||     3
       Ozocubu's Armour  |       |     1 ||     1
  Use: Scroll            |       |     6 ||     6
 Stab: Sleeping          |       |     6 ||     6
Armor: Robe              |     3 |     8 ||    11
Dodge: Dodged            |    34 |    85 ||   119
